% Time on Ice - SASKATOON DUCKS
Lines # - Real PCT - Wanted PCT - Time Play
Normal Forward
1 - 34% - 36% - 17:31
2 - 35% - 36% - 17:50
3 - 25% - 23% - 12:43
4 - 7% - 5% - 3:36
Normal Defense
1 - 34% - 36% - 17:27
2 - 33% - 31% - 17:16
3 - 27% - 23% - 14:08
4 - 5% - 10% - 2:49
PP Forward
1 - 50% - 55% - 1:59
2 - 50% - 45% - 1:59
PP Defense
1 - 50% - 55% - 1:58
2 - 50% - 45% - 2:00
PK Forward
1 - 71% - 55% - 3:07
2 - 29% - 45% - 1:15
PK Defense
1 - 92% - 55% - 4:00
2 - 8% - 45% - 0:22
PK3 Forward
1 - 100% - 55% - 0:36
2 - 0% - 45% - 0:00
PK3 Defense
1 - 100% - 55% - 0:36
2 - 0% - 45% - 0:00
44 Forward
1 - 0% - 55%
2 - 0% - 45%
44 Defense
1 - 0% - 55%
2 - 0% - 45%
Last Minute Offensive  - 0:00
Last Minute Defensive  - 0:00
Total
Forward - 60:36
Defense - 60:36
% Time on Ice - BANFF WOLVES
Lines # - Real PCT - Wanted PCT - Time Play
Normal Forward
1 - 32% - 34% - 16:28
2 - 30% - 32% - 15:44
3 - 28% - 29% - 14:38
4 - 9% - 5% - 4:50
Normal Defense
1 - 37% - 41% - 19:16
2 - 37% - 41% - 18:55
3 - 24% - 9% - 12:13
4 - 2% - 9% - 1:16
PP Forward
1 - 58% - 60% - 2:32
2 - 42% - 40% - 1:50
PP Defense
1 - 63% - 60% - 2:45
2 - 37% - 40% - 1:37
PK Forward
1 - 58% - 50% - 2:18
2 - 42% - 50% - 1:40
PK Defense
1 - 38% - 50% - 1:31
2 - 62% - 50% - 2:27
PK3 Forward
1 - 0% - 50%
2 - 0% - 50%
PK3 Defense
1 - 0% - 50%
2 - 0% - 50%
44 Forward
1 - 100% - 55% - 0:36
2 - 0% - 45% - 0:00
44 Defense
1 - 100% - 55% - 0:36
2 - 0% - 45% - 0:00
Last Minute Offensive  - 0:00
Last Minute Defensive  - 0:00
Total
Forward - 60:36
Defense - 60:36
Play-by-Play 1st period 0:01 of 1st period - Elias Lindholm wins face-off versus Ivan Barbashev in neutral zone. 0:18 of 1st period - Shot by Ivan Barbashev. 0:18 of 1st period - Stopped by Jordan Binnington with a rebound. 0:20 of 1st period - Shot by Sidney Crosby. 0:20 of 1st period - Stopped by Jordan Binnington with a rebound. 0:28 of 1st period - Shot by Sidney Crosby. 0:28 of 1st period - Shot Misses the Net. 0:30 of 1st period - Shot by Ivan Barbashev. 0:30 of 1st period - Shot Blocked by Quinton Hughes. 0:32 of 1st period - Shot by Sidney Crosby. 0:32 of 1st period - Goal by Sidney Crosby - SASKATOON DUCKS : 1 - BANFF WOLVES : 0. 0:33 of 1st period - John Tavares wins face-off versus Joel Eriksson Ek in neutral zone. 0:50 of 1st period - Shot by Timo Meier. 0:50 of 1st period - Shot Misses the Net. 1:15 of 1st period - Roope Hintz is hit by Ben Chiarot and loses puck. 4:32 of 1st period - Jake Sanderson is hit by Timo Meier and loses puck. 4:48 of 1st period - Icing by Jake Sanderson. 4:49 of 1st period - Jordan Staal wins face-off versus Sidney Crosby in SASKATOON DUCKS zone. 6:07 of 1st period - Shot by Kasperi Kapanen. 6:07 of 1st period - Stopped by Jordan Binnington without a rebound. 6:08 of 1st period - Elias Lindholm wins face-off versus Ivan Barbashev in BANFF WOLVES zone. 6:18 of 1st period - Shot by Artemi Panarin. 6:18 of 1st period - Stopped by Petr Mrazek without a rebound. 6:19 of 1st period - Elias Lindholm wins face-off versus Nils Aman in SASKATOON DUCKS zone. 6:30 of 1st period - Shot by Jake Sanderson. 6:30 of 1st period - Stopped by Jordan Binnington without a rebound. 6:31 of 1st period - Joel Eriksson Ek wins face-off versus Ryan Strome in BANFF WOLVES zone. 6:37 of 1st period - Miro Heiskanen is hit by Simon Benoit and loses puck. 7:24 of 1st period - Shot by Jake Guentzel. 7:24 of 1st period - Goal by Jake Guentzel - SASKATOON DUCKS : 2 - BANFF WOLVES : 0. 7:25 of 1st period - Elias Lindholm wins face-off versus Nils Aman in neutral zone. 7:57 of 1st period - Samuel Girard is hit by Mats Zuccarello and loses puck. 8:07 of 1st period - Minor Penalty to Samuel Girard for Tripping. 8:08 of 1st period - Joel Eriksson Ek wins face-off versus Sidney Crosby in SASKATOON DUCKS zone. 8:19 of 1st period - Shot by Timo Meier. 8:19 of 1st period - Shot Misses the Net. 8:35 of 1st period - Shot by Quinton Hughes. 8:35 of 1st period - Shot Misses the Net. 9:27 of 1st period - Shot by Roman Josi. 9:27 of 1st period - Stopped by Petr Mrazek without a rebound. 9:28 of 1st period - Joel Eriksson Ek wins face-off versus John Tavares in SASKATOON DUCKS zone. 9:47 of 1st period - Shot by Miro Heiskanen. 9:47 of 1st period - Stopped by Petr Mrazek without a rebound. 9:48 of 1st period - Sidney Crosby wins face-off versus Elias Lindholm in SASKATOON DUCKS zone. 10:21 of 1st period - Shot by Adam Henrique. 10:21 of 1st period - Stopped by Petr Mrazek without a rebound. 10:22 of 1st period - Ivan Barbashev wins face-off versus Joel Eriksson Ek in SASKATOON DUCKS zone. 10:46 of 1st period - Shot by Joel Eriksson Ek. 10:46 of 1st period - Deflect By Jason Dickinson. 10:46 of 1st period - Stopped by Petr Mrazek with a rebound. 10:48 of 1st period - Shot by Joel Eriksson Ek. 10:48 of 1st period - Stopped by Petr Mrazek without a rebound. 10:49 of 1st period - Elias Lindholm wins face-off versus John Tavares in SASKATOON DUCKS zone. 11:23 of 1st period - Shot by Roman Josi. 11:23 of 1st period - Stopped by Petr Mrazek without a rebound. 11:24 of 1st period - Sidney Crosby wins face-off versus Jordan Staal in SASKATOON DUCKS zone. 11:33 of 1st period - Shot by Jake Guentzel. 11:33 of 1st period - Shot Misses the Net. 12:59 of 1st period - Shot by Roope Hintz. 12:59 of 1st period - Shot Blocked by Ben Chiarot. 13:01 of 1st period - Shot by Joel Eriksson Ek. 13:01 of 1st period - Shot Blocked by Ben Chiarot. 13:03 of 1st period - Shot by Roman Josi. 13:03 of 1st period - Shot Misses the Net. 13:31 of 1st period - Shot by Mats Zuccarello. 13:31 of 1st period - Shot Misses the Net. 14:16 of 1st period - Shot by Adam Henrique. 14:16 of 1st period - Stopped by Petr Mrazek with a rebound. 14:19 of 1st period - Icing by Jake Sanderson. 14:20 of 1st period - Milan Lucic wins face-off versus Joel Eriksson Ek in SASKATOON DUCKS zone. 15:19 of 1st period - Icing by Chris Tanev. 15:20 of 1st period - John Tavares wins face-off versus Elias Lindholm in SASKATOON DUCKS zone. 15:45 of 1st period - Shot by Mats Zuccarello. 15:45 of 1st period - Stopped by Petr Mrazek without a rebound. 15:46 of 1st period - Jordan Staal wins face-off versus Nils Aman in SASKATOON DUCKS zone. 15:47 of 1st period - Shot by Tyler Toffoli. 15:47 of 1st period - Goal by Tyler Toffoli - SASKATOON DUCKS : 2 - BANFF WOLVES : 1. 15:48 of 1st period - Joel Eriksson Ek wins face-off versus Sidney Crosby in neutral zone. 16:02 of 1st period - Roope Hintz is hit by Jake Guentzel. 17:06 of 1st period - Shot by Tyler Toffoli. 17:06 of 1st period - Shot Misses the Net. 17:08 of 1st period - Shot by Miro Heiskanen. 17:08 of 1st period - Stopped by Petr Mrazek without a rebound. 17:09 of 1st period - Elias Lindholm wins face-off versus Nils Aman in SASKATOON DUCKS zone. 18:08 of 1st period - Shot by Mathieu Joseph. 18:08 of 1st period - Shot Misses the Net. 18:24 of 1st period - Artemi Panarin is hit by Ben Chiarot. 18:36 of 1st period - Shot by Mathieu Joseph. 18:36 of 1st period - Stopped by Jordan Binnington without a rebound. 18:37 of 1st period - Joel Eriksson Ek wins face-off versus Sidney Crosby in BANFF WOLVES zone. 18:39 of 1st period - Quinton Hughes is hit by Ivan Barbashev and loses puck. 18:44 of 1st period - Shot by Sidney Crosby. 18:44 of 1st period - Stopped by Jordan Binnington without a rebound. 18:45 of 1st period - Joel Eriksson Ek wins face-off versus Sidney Crosby in BANFF WOLVES zone. 19:34 of 1st period - Shot by Joel Eriksson Ek. 19:34 of 1st period - Stopped by Petr Mrazek with a rebound. Goals for this period are 2 for SASKATOON DUCKS vs 1 for BANFF WOLVES. Shots for this period are 8 for SASKATOON DUCKS vs 12 for BANFF WOLVES. 2nd period 0:01 of 2nd period - Jordan Staal wins face-off versus Sidney Crosby in neutral zone. 0:33 of 2nd period - Icing by Jake Guentzel. 0:34 of 2nd period - Sidney Crosby wins face-off versus Timo Meier in SASKATOON DUCKS zone. 1:51 of 2nd period - Shot by Mathieu Joseph. 1:51 of 2nd period - Stopped by Jordan Binnington without a rebound. 1:52 of 2nd period - Jordan Staal wins face-off versus Kasperi Kapanen in BANFF WOLVES zone. 1:52 of 2nd period - Jordan Staal is hit by Kasperi Kapanen. 2:04 of 2nd period - Shot by Tyler Toffoli. 2:04 of 2nd period - Shot Misses the Net. 2:32 of 2nd period - Shot by Kailer Yamamoto. 2:32 of 2nd period - Stopped by Jordan Binnington without a rebound. 2:33 of 2nd period - Elias Lindholm wi